 Dungeon Crawl Stone Soup version 0.27-a0-1186-g8b4daa1eef (webtiles) character file.

Game seed: 11085206336745201737

3857 leviel the Cleaver (level 9, -3/79 HPs)
             Began as a Minotaur Fighter on May 19, 2021.
             Was a Believer of Zin.
             Killed from afar by Erica (16 damage)
             ... with a lance of force
             ... on level 8 of the Dungeon.
             The game lasted 00:09:33 (9696 turns).

leviel the Cleaver (Minotaur Fighter)               Turns: 9696, Time: 00:09:34

Health: -3/79      AC:  9    Str: 25    XL:     9   Next: 99%
Magic:  11/11      EV: 10    Int:  6    God:    Zin [**....]
Gold:   270        SH: 11    Dex: 11    Spells: 8/8 levels left

rFire    . . .     SeeInvis .   a - +0 war axe
rCold    . . .     Faith    .   c - +0 kite shield
rNeg     . . .     Spirit   .   b - +0 scale mail
rPois    ∞         Reflect  .   (helmet restricted)
rElec    .         Harm     .   g - +0 cloak
rCorr    .         Rampage  .   (no gloves)
Will     .....                  (no boots)
Stlth    ..........             (no amulet)
HPRegen  0.23/turn              (no ring)
MPRegen  0.12/turn              (no ring)

@: vitalised, slowed, very slow
A: horns 2, retaliatory headbutt
a: Renounce Religion, Recite, Vitalisation, Donate Gold


You were on level 8 of the Dungeon.
You worshipped Zin.
Zin was pleased with you.
You visited 2 branches of the dungeon, and saw 9 of its levels.

You collected 299 gold pieces.
You donated 29 gold pieces to Zin.

Inventory:

Hand Weapons
 a - a +0 war axe (weapon)
Missiles
 A - a throwing net (quivered)
 E - a curare-tipped dart
Armour
 b - a +0 scale mail (worn)
 c - a +0 kite shield (worn)
 g - a +0 cloak (worn)
Jewellery
 i - a +6 ring of intelligence
 s - a +6 ring of intelligence
 w - a +4 ring of protection
 C - a ring of magical power
 F - an amulet of reflection
Wands
 m - a wand of flame (36)
 o - a wand of iceblast (8)
 D - a wand of charming (9)
Scrolls
 f - 4 scrolls of teleportation {unknown}
 h - 3 scrolls of noise {unknown}
 j - a scroll of vulnerability {unknown}
 k - 3 scrolls of fear {unknown}
 l - 8 scrolls of identify {unknown}
 n - a scroll of blinking {unknown}
 u - a scroll of magic mapping {unknown}
 v - 2 scrolls of torment {unknown}
 x - a scroll of brand weapon {unknown}
 y - a scroll of silence {unknown}
 z - a scroll of immolation {unknown}
 B - a scroll of enchant armour {unknown}
Potions
 d - 2 potions of lignification {unknown}
 e - 2 potions of curing
 p - a potion of haste {unknown}
 q - a potion of brilliance {unknown}
 r - a potion of magic {unknown}
 t - a potion of resistance {unknown}


   Skills:
 + Level 7.0 Fighting
 + Level 10.0 Axes
 + Level 8.7 Armour
 + Level 3.6 Dodging
 + Level 7.9 Shields
 + Level 4.6 Invocations


You had 8 spell levels left.
You didn't know any spells.
Your spell library contained the following spells:

 Spells                   Type           Power      Damage    Failure   Level
 Foxfire                  Conj/Fire      0%         2x1d4     95%         1
 Magic Dart               Conj           0%         1d3       95%         1
 Sting                    Tmut/Pois      0%         1d3       95%         1
 Poisonous Vapours        Pois/Air       0%         N/A       98%         2
 Searing Ray              Conj           0%         3d3       98%         2
 Confusing Touch          Hex            0%         N/A       100%        3
 Conjure Flame            Conj/Fire      0%         6-21      100%        3
 Dazzling Flash           Conj/Hex       0%         N/A       100%        3
 Gell's Gravitas          Tloc           0%         N/A       100%        3
 Ignite Poison            Fire/Tmut/Pois 0%         N/A       100%        3
 Inner Flame              Hex/Fire       0%         N/A       100%        3
 Mephitic Cloud           Conj/Pois/Air  0%         N/A       100%        3
 Fulminant Prism          Conj/Hex       0%         3d6       100%        4
 Iskenderun's Mystic Bla  Conj/Tloc      0%         2d3       100%        4
 Olgreb's Toxic Radiance  Pois           0%         N/A       100%        4
 Petrify                  Tmut/Erth      0%         N/A       100%        4
 Sticky Flame             Conj/Fire      0%         2d3       100%        4
 Fireball                 Conj/Fire      0%         3d3       100%        5
 Metabolic Englaciation   Hex/Ice        0%         N/A       100%        5
 Yara's Violent Unravell  Hex/Tmut       0%         3d3       100%        5


Dungeon Overview and Level Annotations

Branches:
Dungeon (8/15)             Temple (1/1) D:5
   Lair: D:8-11

Altars:
Ashenzari
Cheibriados
Dithmenos
Gozag
Kikubaaqudgha
Makhleb
Nemelex Xobeh
Ru
Sif Muna
Trog
Uskayaw
Vehumet
Wu Jian
Yredelemnul
Zin
The Shining One

Shops:
D:1 ?   D:3 [   D:8 *

Annotations:
D:8 Erica


Innate Abilities, Weirdness & Mutations

You have a pair of horns on your head.
You reflexively headbutt those who attack you in melee.


Message History

You hear some strange, mumbled words.
Something tries to affect you, but you resist.
You see here a +0 robe.
You slash something! You block something's attack.
You miss something. You headbutt something!
You hear some strange, mumbled words.
Your divine stamina protects you from confusion!
You barely miss something.
You hear some strange, mumbled words.
You feel yourself slow down.
You closely miss something. You headbutt something. Something hits you!
Something burns you. Something hits you but does no damage.
You miss something. Something hits you. Something burns you.
Something completely misses you.
You slash something!
You hear some strange, mumbled words.
A bolt of poison appears from out of thin air!
The bolt of poison hits you but does no damage.
Your divine stamina protects you from poison!
You resist.
You hit something. Your headbutt misses something. Something hits you.
Something burns you.
You hear some strange, mumbled words.
A bolt of poison appears from out of thin air!
The bolt of poison hits you but does no damage.
Your divine stamina protects you from poison!
You resist.
You miss something. You block something's attack. Something hits you.
* * * LOW HITPOINT WARNING * * *
Something burns you.
* * * LOW HITPOINT WARNING * * *
You closely miss something. You headbutt something! Something hits you.
* * * LOW HITPOINT WARNING * * *
Something burns you.
* * * LOW HITPOINT WARNING * * *
You miss something. Your headbutt misses something.
You hear some strange, mumbled words.
A lance of force appears from out of thin air!
The lance of force hits you!
You die...

#...........# #.#
#.########.####.##
#.# #>....... #.#
#.####.## #.# #.#
#.# #.########.#
#(##
#.#.....##.####...
#.#.....##........
#@#.....##.#######
#{#.....####
#...........
###.....####
#.....# #.....#
#.....# #######


There were no monsters in sight!

Vanquished Creatures
  A kobold demonologist (D:8)
  A troll (D:7)
  Sigmund (D:3)
  2 wyverns
  2 vampire mosquitoes (D:7)
  A water moccasin (D:7)
  Duvessa (D:7)
  An orc warrior (D:8)
  2 black bears
  2 ogres
  A centaur (D:7)
  2 phantoms (D:5)
  4 kobold brigands (D:8)
  3 bullfrogs
  A wyvern zombie (D:7)
  2 scorpions
  Dowan (D:7)
  5 wights
  2 howler monkeys (D:8)
  A hound (D:4)
  2 jellies
  2 gnoll shamans
  2 orc priests
  3 iguanas
  Ijyb (D:3)
  Natasha (thrice) (D:3)
  3 orc wizards
  A hound skeleton (D:4)
  A howler monkey zombie (D:8)
  Robin (D:2)
  12 gnolls
  A howler monkey skeleton (D:7)
  5 adders
  A shadow imp (D:8)
  A white imp (D:7)
  4 worms
  4 dart slugs
  17 orcs
  4 endoplasms
  5 giant cockroaches
  24 goblins
  16 hobgoblins
  7 kobolds
  3 quokkas (D:1)
  8 ball pythons
  6 bats
  5 frilled lizards
  7 rats
185 creatures vanquished.

Vanquished Creatures (others)
  2 plants (D:5)
2 creatures vanquished.

Grand Total: 187 creatures vanquished

Notes
Turn   | Place    | Note
-------+----------+-------------------------------------------
     0 | D:1      | leviel the Minotaur Fighter began the quest for the Orb.
     0 | D:1      | Reached XP level 1. HP: 19/19 MP: 0/0
   115 | D:1      | Reached XP level 2. HP: 27/27 MP: 1/1
   274 | D:1      | Found a faded altar of an unknown god.
   660 | D:1      | Found Atacu's Magic Scroll Boutique.
   773 | D:1      | Reached XP level 3. HP: 33/33 MP: 2/2
  1219 | D:2      | Found a glowing silver altar of Zin.
  1287 | D:2      | Noticed Robin
  1290 | D:2      | Reached skill level 3 in Axes
  1303 | D:2      | Killed Robin
  1554 | D:2      | Became a worshipper of Zin the Law-Giver
  1770 | D:2      | Reached XP level 4. HP: 40/40 MP: 3/3
  2025 | D:3      | Noticed Sigmund
  2030 | D:3      | Killed Sigmund
  2031 | D:3      | Reached skill level 4 in Axes
  2031 | D:3      | Reached skill level 1 in Dodging
  2031 | D:3      | Reached skill level 1 in Invocations
  2031 | D:3      | Reached XP level 5. HP: 40/47 MP: 3/5
  2106 | D:3      | Noticed Natasha
  2110 | D:3      | Killed Natasha
  2111 | D:3      | Reached skill level 5 in Axes
  2146 | D:3      | Reached XP level 6. HP: 42/53 MP: 6/6
  2263 | D:3      | Found a burning altar of Makhleb.
  2335 | D:3      | Found Biwac's Antique Armour Shoppe.
  2386 | D:3      | Found an opulent altar of Gozag.
  2391 | D:3      | Noticed Natasha
  2395 | D:3      | Killed Natasha
  2439 | D:3      | Noticed Natasha
  2444 | D:3      | Killed Natasha
  2445 | D:3      | Reached skill level 5 in Shields
  2476 | D:3      | Noticed Ijyb
  2483 | D:3      | Killed Ijyb
  2704 | D:3      | Found a shimmering blue altar of Sif Muna.
  2709 | D:3      | Reached skill level 5 in Armour
  3110 | D:4      | Reached XP level 7. HP: 54/60 MP: 7/7
  3182 | D:4      | Reached skill level 6 in Axes
  3785 | D:4      | Reached * piety under Zin
  4013 | D:5      | Entered Level 5 of the Dungeon
  4025 | D:5      | Reached skill level 5 in Fighting
  4521 | D:5      | Found a staircase to the Ecumenical Temple.
  4540 | Temple   | Entered the Ecumenical Temple
  5291 | D:5      | Reached skill level 7 in Axes
  5291 | D:5      | Reached XP level 8. HP: 50/68 MP: 9/9
  6180 | D:6      | Reached ** piety under Zin
  6496 | D:6      | Found an ancient bone altar of Kikubaaqudgha.
  6692 | D:6      | HP: 1/63 [wight/+4 long sword (8)]
  6704 | D:6      | Reached skill level 8 in Axes
  7185 | D:7      | Noticed Dowan
  7188 | D:7      | Noticed Duvessa
  7198 | D:7      | Killed Duvessa
  7202 | D:7      | Killed Dowan
  7457 | D:7      | Reached XP level 9. HP: 69/75 MP: 10/10
  7556 | D:7      | Reached *** piety under Zin
  7566 | D:7      | Reached skill level 9 in Axes
  8121 | D:7      | Noticed a troll
  8132 | D:7      | Killed a troll
  8669 | D:7      | Found a shadowy altar of Dithmenos.
  8891 | D:8      | Found Lohaen's Lightly-Used Armoury.
  8998 | D:8      | Noticed a kobold demonologist
  9011 | D:8      | Killed a kobold demonologist
  9181 | D:8      | Found a hide-covered altar of Uskayaw.
  9205 | D:8      | Reached skill level 10 in Axes
  9675 | D:8      | Noticed Erica
  9696 | D:8      | Killed from afar by Erica

Illustrated notes

Levels and vault maps discovered:
D:1:      saegor_arrival_under_anarchy, layout_basic, serial_shops,
          nicolae_shop_statue_plus, basic_ecumenical_altar
D:2:      layout_basic, basic_altar, uniq_robin
D:3:      layout_rooms, bloody_makhleb, old_standard_altar,
          kennysheep_orc_sif_temple, serial_shops, nicolae_shop_waterfront,
          serial_park_tiny_pond, minivault_19, uniq_sigmund, uniq_natasha,
          uniq_ijyb
D:4:      layout_basic, hangedman_decor_slide_cut
D:5:      corexii_shantytown, layout_basic, minmay_temple_entry_large_hall,
          minmay_misc_feat_cross, minmay_holes
D:6:      layout_rooms, kennysheep_little_box
D:7:      layout_rooms, lemuel_crystal_altar, uniq_duvessa
D:8:      layout_basic, nicolae_uskayaw_dance_hall, minmay_shop_damaged,
          uniq_erica
Temple:   dpeg_chambers_temple

Skill      XL: |  1  2  3  4  5  6  7  8  9 |
---------------+----------------------------+-----
Fighting       | 4 5 6 7 |  7.0
Shields        | 4 5 6 7 |  7.9
Armour         | 4 5 6 7 8 |  8.7
Axes           | 3 4 5 7 8 10 | 10.0
Dodging        | 1 2 3 |  3.6
Invocations    | 1 2 3 4 |  4.6

Action                   |  1- 3 |  4- 6 |  7- 9 || total
-------------------------+-------+-------+-------++-------
Melee: War axe           |    96 |    98 |   322 ||   516
       Headbutt          |    14 |    17 |    68 ||    99
Throw: Throwing net      |       |       |     1 ||     1
Invok: Recite            |       |       |     9 ||     9
       Vitalisation      |       |       |     6 ||     6
  Use: Potion            |       |     1 |     7 ||     8
 Stab: Confused          |       |       |     1 ||     1
Armor: Scale mail        |    50 |    46 |   102 ||   198
Dodge: Dodged            |    21 |    29 |   129 ||   179
Block: Kite shield       |    48 |    34 |   202 ||   284

Table legend: (Time is in decaauts)
 A = Elapsed time spent in this place.
 B = Non-inter-level travel time spent in this place.
 C = Inter-level travel time spent in this place.
 D = Time resting spent in this place.
 E = Time spent auto-exploring this place.
 F = Levels seen in this place.
 G = Mean time per level.
                   A        B        C        D        E       F      G
               +--------+--------+--------+--------+--------+-----+--------+
         Total |   9896 |   9676 |    220 |   3037 |   5380 |   9 | 1099.6 |
       Dungeon |   9381 |   9182 |    199 |   2817 |   5109 |   8 | 1172.6 |
        Temple |    515 |    494 |     21 |    220 |    271 |   1 |  515.0 |
               +--------+--------+--------+--------+--------+-----+--------+

Top non-repeatable levels by time:
     D:5: 1651 daAuts
     D:7: 1476 daAuts
     D:6: 1246 daAuts
     D:1: 1178 daAuts
     D:4: 1109 daAuts
     D:3: 931 daAuts
     D:2: 914 daAuts
     D:8: 873 daAuts
  Temple: 515 daAuts
